[ AOE2 MATCH · #480739957 ]
UnrankedTurks vs Hindustanis
[ REPLAY ANALYSIS · EXTRACTED FROM THE RECORDED GAME ]
Feudal
14:31
Castle
19:23
Imperial
—
| APM avg | 11.8 |
| APM peak | 28 |
| eAPM avg | 9.1 |
| Villagers / military | 94 / 9 |
Focus
⚔️ 4.3% · 🌾 95.7%
Janissary ×9
Feudal
9:07
Castle
19:09
Imperial
—
| APM avg | 44.5 |
| APM peak | 111 |
| eAPM avg | 12.0 |
| Villagers / military | 73 / 30 |
Focus
⚔️ 16.1% · 🌾 83.9%
Knight ×23 · Scout Cavalry ×4 · Battering Ram ×3
Feudal
—
Castle
—
Imperial
—
| APM avg | 10.6 |
| APM peak | 28 |
| eAPM avg | 6.0 |
| Villagers / military | 49 / 14 |
Focus
⚔️ 21.7% · 🌾 78.3%
Spearman ×12 · Militia ×2
Feudal
12:10
Castle
19:51
Imperial
—
| APM avg | 10.9 |
| APM peak | 43 |
| eAPM avg | 5.1 |
| Villagers / military | 51 / 10 |
Focus
⚔️ 10.6% · 🌾 89.4%
Cavalry Archer ×7 · Spearman ×3
Feudal
10:50
Castle
21:51
Imperial
—
| APM avg | 29.0 |
| APM peak | 61 |
| eAPM avg | 11.7 |
| Villagers / military | 65 / 12 |
Focus
⚔️ 12.6% · 🌾 87.4%
Archer ×12
Feudal
—
Castle
—
Imperial
—
| APM avg | 8.0 |
| APM peak | 31 |
| eAPM avg | 3.8 |
| Villagers / military | 28 / 28 |
Focus
⚔️ 28.4% · 🌾 71.6%
Spearman ×17 · Skirmisher ×11
Feudal
—
Castle
—
Imperial
—
| APM avg | 23.2 |
| APM peak | 76 |
| eAPM avg | 17.9 |
| Villagers / military | 111 / 13 |
Focus
⚔️ 8.5% · 🌾 91.5%
Knight ×13
Feudal
—
Castle
—
Imperial
—
| APM avg | 21.2 |
| APM peak | 63 |
| eAPM avg | 13.0 |
| Villagers / military | 57 / 35 |
Focus
⚔️ 13.0% · 🌾 87.0%
Cavalry Archer ×17 · Samurai ×6 · Monk ×5 · Spearman ×4 · Knight ×3 · Trade Cart ×3
Match map
Initial resources + every placement click. Lines = walls · curves = elevation contours. ◆ gold · ⬟ stone · ● berries · ✦ relic · ◌ wall gap
Your base· Open — unwalled flank
WdaScorpion's base· Open — unwalled flank
Jaereg's base· Open — unwalled flank
Drogo's base· Open — unwalled flank
EhuTR's base· Open — unwalled flank
SkilzDatKilz845's base· Open — unwalled flank
WatSollDennDat's base· Open — unwalled flank
Itacate's base· Open — unwalled flank
Smoothed initial terrain · ◌ = detected wall gap · hover for details
Inputs per minute
— Tako - - WdaScorpion
Build order — Tako
First 150 of 181 actions detected
| 0:03 | Create | Villager (Male) |
| 0:03 | Create | Villager (Male) |
| 0:04 | Create | Villager (Male) |
| 0:04 | Create | Villager (Male) |
| 0:07 | Build | House |
| 0:09 | Build | House |
| 1:44 | Build | Mill |
| 1:52 | Create | Villager (Male) |
| 1:52 | Create | Villager (Male) |
| 2:33 | Create | Villager (Male) |
| 2:33 | Create | Villager (Male) |
| 2:39 | Create | Villager (Male) |
| 2:39 | Create | Villager (Male) |
| 3:09 | Build | House |
| 3:10 | Build | House |
| 3:29 | Create | Villager (Male) |
| 3:30 | Create | Villager (Male) |
| 3:30 | Create | Villager (Male) |
| 3:31 | Create | Villager (Male) |
| 4:32 | Create | Villager (Male) |
| 4:32 | Create | Villager (Male) |
| 4:32 | Create | Villager (Male) |
| 5:13 | Create | Villager (Male) |
| 5:50 | Create | Villager (Male) |
| 5:50 | Create | Villager (Male) |
| 5:50 | Create | Villager (Male) |
| 6:08 | Build | Lumber Camp |
| 6:21 | Create | Villager (Male) |
| 6:21 | Create | Villager (Male) |
| 6:53 | Create | Villager (Male) |
| 6:53 | Create | Villager (Male) |
| 6:54 | Create | Villager (Male) |
| 7:25 | Create | Villager (Male) |
| 8:20 | Create | Villager (Male) |
| 8:21 | Create | Villager (Male) |
| 8:21 | Create | Villager (Male) |
| 8:33 | Build | House |
| 8:40 | Build | Mining Camp |
| 9:34 | Create | Villager (Male) |
| 10:01 | Build | Mining Camp |
| 10:10 | Build | House |
| 10:13 | Build | Farm |
| 10:13 | Build | Farm |
| 10:14 | Build | Farm |
| 10:25 | Create | Villager (Male) |
| 10:25 | Create | Villager (Male) |
| 11:05 | Create | Villager (Male) |
| 11:56 | Build | Farm |
| 12:08 | Build | Mill |
| 12:19 | Build | Farm |
| 12:21 | Research | Feudal Age |
| 12:37 | Build | House |
| 12:47 | Build | House |
| 12:51 | Build | House |
| 14:19 | Create | Villager (Male) |
| 14:20 | Create | Villager (Male) |
| 14:20 | Create | Villager (Male) |
| 14:31 | Age | Feudal Age |
| 14:49 | Build | Market |
| 15:00 | Build | Blacksmith |
| 15:06 | Build | Farm |
| 15:32 | Research | Loom |
| 15:50 | Build | Farm |
| 16:43 | Research | Castle Age |
| 17:22 | Research | Double-Bit Axe |
| 17:47 | Research | Stone Mining |
| 19:03 | Create | Villager (Male) |
| 19:03 | Create | Villager (Male) |
| 19:05 | Create | Villager (Male) |
| 19:13 | Create | Villager (Male) |
| 19:23 | Age | Castle Age |
| 19:35 | Build | Town Center |
| 19:47 | Build | Town Center |
| 19:58 | Build | Castle |
| 20:08 | Build | Farm |
| 20:09 | Build | Farm |
| 20:09 | Build | Farm |
| 20:10 | Build | Farm |
| 20:10 | Build | Farm |
| 20:12 | Build | Farm |
| 20:12 | Build | Farm |
| 20:13 | Build | Farm |
| 20:28 | Create | Villager (Male) |
| 20:29 | Create | Villager (Male) |
| 21:01 | Create | Villager (Male) |
| 21:02 | Create | Villager (Male) |
| 21:02 | Create | Villager (Male) |
| 21:03 | Create | Villager (Male) |
| 21:07 | Create | Villager (Male) |
| 21:07 | Create | Villager (Male) |
| 21:34 | Build | Farm |
| 21:41 | Create | Villager (Male) |
| 21:55 | Build | Farm |
| 22:01 | Create | Villager (Male) |
| 22:07 | Create | Villager (Male) |
| 22:07 | Create | Villager (Male) |
| 22:11 | Build | Lumber Camp |
| 22:14 | Create | Villager (Male) |
| 22:26 | Create | Villager (Male) |
| 22:27 | Create | Villager (Male) |
| 22:36 | Build | Farm |
| 22:39 | Create | Villager (Male) |
| 22:48 | Build | Farm |
| 23:13 | Build | Farm |
| 23:15 | Create | Villager (Male) |
| 23:16 | Create | Villager (Male) |
| 23:24 | Create | Villager (Male) |
| 23:25 | Create | Villager (Male) |
| 23:30 | Create | Villager (Male) |
| 23:36 | Build | Farm |
| 23:41 | Create | Villager (Male) |
| 23:41 | Create | Villager (Male) |
| 23:48 | Research | Gold Mining |
| 23:53 | Build | Farm |
| 23:56 | Create | Villager (Male) |
| 24:02 | Build | Farm |
| 24:05 | Create | Villager (Male) |
| 24:09 | Create | Villager (Male) |
| 24:12 | Create | Villager (Male) |
| 24:26 | Build | Town Center |
| 24:31 | Create | Villager (Male) |
| 24:34 | Build | Farm |
| 24:38 | Build | Farm |
| 24:57 | Build | Farm |
| 25:12 | Build | University |
| 25:15 | Create | Villager (Male) |
| 25:15 | Create | Villager (Male) |
| 25:18 | Build | Farm |
| 25:20 | Create | Villager (Male) |
| 25:43 | Build | Farm |
| 25:48 | Research | Horse Collar |
| 25:51 | Build | Farm |
| 25:59 | Build | Farm |
| 26:03 | Create | Villager (Male) |
| 26:03 | Create | Villager (Male) |
| 26:03 | Create | Villager (Male) |
| 26:07 | Create | Villager (Male) |
| 26:07 | Create | Villager (Male) |
| 26:09 | Create | Villager (Male) |
| 26:12 | Create | Villager (Male) |
| 26:12 | Create | Villager (Male) |
| 26:13 | Create | Villager (Male) |
| 26:25 | Build | Farm |
| 26:27 | Create | Villager (Male) |
| 26:33 | Build | Farm |
| 26:49 | Build | Farm |
| 26:58 | Create | Villager (Male) |
| 26:58 | Create | Villager (Male) |
| 26:59 | Create | Villager (Male) |
| 27:06 | Create | Villager (Male) |
Build order — WdaScorpion
First 150 of 157 actions detected
| 0:00 | Create | Villager (Male) |
| 0:00 | Create | Villager (Male) |
| 0:01 | Create | Villager (Male) |
| 0:02 | Build | House |
| 0:03 | Build | House |
| 0:34 | Create | Villager (Male) |
| 0:34 | Create | Villager (Male) |
| 1:25 | Create | Villager (Male) |
| 1:25 | Create | Villager (Male) |
| 1:51 | Build | Lumber Camp |
| 2:15 | Create | Villager (Male) |
| 2:15 | Create | Villager (Male) |
| 2:16 | Create | Villager (Male) |
| 2:45 | Create | Villager (Male) |
| 3:03 | Create | Villager (Male) |
| 3:03 | Create | Villager (Male) |
| 3:45 | Create | Villager (Male) |
| 3:46 | Create | Villager (Male) |
| 4:10 | Build | House |
| 4:20 | Create | Villager (Male) |
| 4:52 | Create | Villager (Male) |
| 5:14 | Create | Villager (Male) |
| 5:33 | Create | Villager (Male) |
| 6:05 | Create | Villager (Male) |
| 6:10 | Research | Loom |
| 6:15 | Build | Mill |
| 6:40 | Create | Villager (Male) |
| 6:56 | Research | Feudal Age |
| 7:58 | Build | Farm |
| 8:24 | Build | Barracks |
| 8:46 | Build | Farm |
| 9:07 | Age | Feudal Age |
| 9:12 | Build | Stable |
| 9:15 | Create | Villager (Male) |
| 9:16 | Create | Villager (Male) |
| 9:22 | Build | Farm |
| 9:27 | Create | Villager (Male) |
| 9:53 | Build | House |
| 10:10 | Build | Farm |
| 10:16 | Build | House |
| 10:25 | Build | Farm |
| 10:29 | Create | Scout Cavalry |
| 10:30 | Create | Scout Cavalry |
| 10:30 | Create | Scout Cavalry |
| 10:49 | Create | Villager (Male) |
| 10:52 | Build | Farm |
| 11:09 | Create | Scout Cavalry |
| 11:19 | Build | Farm |
| 11:23 | Create | Villager (Male) |
| 11:39 | Create | Villager (Male) |
| 12:50 | Create | Villager (Male) |
| 12:50 | Create | Villager (Male) |
| 12:54 | Build | Farm |
| 13:07 | Build | Archery Range |
| 13:29 | Create | Villager (Male) |
| 13:32 | Build | Farm |
| 13:35 | Build | Mining Camp |
| 13:38 | Create | Villager (Male) |
| 13:46 | Build | House |
| 14:31 | Create | Villager (Male) |
| 14:31 | Create | Villager (Male) |
| 14:54 | Research | Double-Bit Axe |
| 15:28 | Build | Farm |
| 15:28 | Build | Farm |
| 15:28 | Build | Farm |
| 15:29 | Build | Farm |
| 15:42 | Create | Villager (Male) |
| 16:29 | Research | Castle Age |
| 16:55 | Build | Blacksmith |
| 17:25 | Research | Gold Mining |
| 19:02 | Build | Lumber Camp |
| 19:09 | Age | Castle Age |
| 19:20 | Build | Town Center |
| 19:21 | Create | Villager (Male) |
| 19:22 | Create | Villager (Male) |
| 19:22 | Create | Villager (Male) |
| 19:30 | Build | House |
| 19:37 | Create | Villager (Male) |
| 19:46 | Create | Villager (Male) |
| 19:48 | Research | Bow Saw |
| 19:51 | Create | Knight ×4 |
| 20:35 | Create | Villager (Male) |
| 20:36 | Create | Villager (Male) |
| 20:36 | Create | Villager (Male) |
| 20:40 | Create | Villager (Male) |
| 20:40 | Create | Villager (Male) |
| 21:17 | Research | Scale Barding Armor |
| 21:24 | Create | Villager (Male) |
| 21:25 | Create | Villager (Male) |
| 21:25 | Create | Villager (Male) |
| 21:25 | Create | Villager (Male) |
| 21:31 | Build | Mining Camp |
| 22:08 | Build | House |
| 22:10 | Build | House |
| 22:22 | Create | Villager (Male) |
| 22:42 | Create | Villager (Male) |
| 22:42 | Create | Villager (Male) |
| 22:43 | Create | Villager (Male) |
| 22:44 | Create | Villager (Male) |
| 22:54 | Create | Knight ×2 |
| 23:07 | Create | Villager (Male) |
| 23:25 | Build | House |
| 23:26 | Build | House |
| 23:26 | Build | House |
| 23:26 | Build | House |
| 23:26 | Build | House |
| 23:32 | Research | Stone Mining |
| 23:34 | Create | Villager (Male) |
| 23:38 | Build | Farm |
| 23:38 | Build | Farm |
| 23:38 | Build | Farm |
| 23:38 | Build | Farm |
| 23:51 | Create | Villager (Male) |
| 24:17 | Build | Siege Workshop |
| 24:28 | Create | Villager (Male) |
| 24:28 | Create | Villager (Male) |
| 24:28 | Create | Villager (Male) |
| 24:29 | Create | Villager (Male) |
| 24:55 | Build | Farm |
| 24:55 | Build | Farm |
| 24:56 | Build | Farm |
| 25:04 | Create | Villager (Male) |
| 25:07 | Build | Farm |
| 25:08 | Build | Farm |
| 25:24 | Build | Farm |
| 25:31 | Research | Chain Barding Armor |
| 25:38 | Build | Town Center |
| 25:46 | Create | Villager (Male) |
| 25:47 | Create | Villager (Male) |
| 25:48 | Create | Villager (Male) |
| 27:05 | Research | Husbandry |
| 27:05 | Create | Knight ×5 |
| 27:40 | Build | Stable |
| 27:43 | Build | Archery Range |
| 27:47 | Build | Stable |
| 28:08 | Create | Battering Ram |
| 28:08 | Create | Battering Ram |
| 28:19 | Create | Villager (Male) |
| 28:19 | Create | Villager (Male) |
| 28:19 | Create | Villager (Male) |
| 28:23 | Build | Farm |
| 28:23 | Build | Farm |
| 28:28 | Create | Battering Ram |
| 28:31 | Create | Villager (Male) |
| 28:31 | Create | Villager (Male) |
| 28:31 | Create | Villager (Male) |
| 28:32 | Create | Villager (Male) |
| 28:35 | Build | Farm |
| 28:43 | Create | Villager (Male) |
| 28:43 | Create | Villager (Male) |
Build order — Jaereg
94 actions detected in the replay
| 0:09 | Build | House |
| 0:15 | Create | Villager (Male) ×4 |
| 1:04 | Build | House |
| 1:06 | Build | House |
| 1:06 | Build | House |
| 1:08 | Build | House |
| 1:09 | Build | House |
| 2:09 | Create | Villager (Male) |
| 2:09 | Create | Villager (Male) |
| 2:09 | Create | Villager (Male) |
| 2:42 | Create | Villager (Male) |
| 2:42 | Create | Villager (Male) |
| 3:21 | Create | Villager (Male) |
| 3:21 | Create | Villager (Male) |
| 3:35 | Create | Villager (Male) |
| 4:38 | Research | Loom |
| 4:46 | Build | Mill |
| 5:23 | Create | Villager (Male) |
| 5:36 | Create | Villager (Male) |
| 5:45 | Create | Villager (Male) |
| 6:15 | Create | Villager (Male) |
| 6:22 | Create | Villager (Male) |
| 6:22 | Create | Villager (Male) |
| 6:51 | Build | Lumber Camp |
| 7:21 | Create | Villager (Male) |
| 7:22 | Create | Villager (Male) |
| 7:22 | Create | Villager (Male) |
| 7:22 | Create | Villager (Male) |
| 7:37 | Create | Villager (Male) |
| 7:37 | Create | Villager (Male) |
| 7:38 | Create | Villager (Male) |
| 8:04 | Create | Villager (Male) |
| 8:04 | Create | Villager (Male) |
| 8:45 | Build | Mill |
| 9:02 | Create | Villager (Male) |
| 9:02 | Create | Villager (Male) |
| 9:52 | Create | Villager (Male) |
| 9:52 | Create | Villager (Male) |
| 10:05 | Create | Villager (Male) |
| 10:05 | Create | Villager (Male) |
| 10:22 | Build | House |
| 10:24 | Build | House |
| 10:53 | Create | Villager (Male) |
| 10:53 | Create | Villager (Male) |
| 11:24 | Create | Villager (Male) |
| 11:24 | Create | Villager (Male) |
| 11:24 | Create | Villager (Male) |
| 11:25 | Create | Villager (Male) |
| 11:47 | Build | Barracks |
| 11:49 | Create | Villager (Male) |
| 11:49 | Create | Villager (Male) |
| 11:49 | Create | Villager (Male) |
| 12:35 | Create | Villager (Male) |
| 12:35 | Create | Villager (Male) |
| 12:47 | Create | Villager (Male) |
| 12:48 | Create | Villager (Male) |
| 12:48 | Create | Villager (Male) |
| 12:48 | Create | Villager (Male) |
| 13:34 | Research | Feudal Age |
| 15:04 | Create | Militia |
| 15:07 | Create | Militia |
| 15:26 | Build | Barracks |
| 16:00 | Create | Spearman |
| 16:02 | Create | Spearman |
| 16:08 | Create | Spearman |
| 16:08 | Create | Spearman |
| 16:09 | Create | Spearman |
| 16:10 | Create | Spearman |
| 16:20 | Build | Barracks |
| 16:22 | Build | Barracks |
| 16:32 | Create | Spearman |
| 16:32 | Create | Spearman |
| 16:42 | Build | Market |
| 16:46 | Build | Blacksmith |
| 17:24 | Build | Stone Wall |
| 17:29 | Build | Gate |
| 17:37 | Build | Barracks |
| 18:29 | Build | Stable |
| 19:25 | Build | Stable |
| 19:48 | Research | Double-Bit Axe |
| 20:34 | Create | Villager (Male) |
| 20:35 | Research | Wheelbarrow |
| 20:51 | Build | Farm |
| 20:52 | Build | Farm |
| 20:52 | Build | Farm |
| 20:52 | Build | Farm |
| 20:52 | Build | Farm |
| 20:53 | Build | Farm |
| 20:53 | Build | Farm |
| 21:37 | Build | Mining Camp |
| 22:14 | Create | Spearman |
| 22:14 | Create | Spearman |
| 22:14 | Create | Spearman |
| 22:17 | Create | Spearman |
Build order — Drogo
95 actions detected in the replay
| 0:03 | Create | Villager (Male) ×4 |
| 0:07 | Build | House |
| 0:09 | Build | House |
| 1:39 | Create | Villager (Male) |
| 1:51 | Build | Lumber Camp |
| 2:01 | Create | Villager (Male) |
| 2:01 | Create | Villager (Male) |
| 2:44 | Create | Villager (Male) |
| 2:57 | Create | Villager (Male) |
| 3:18 | Create | Villager (Male) |
| 3:23 | Build | House |
| 3:25 | Build | House |
| 3:39 | Research | Loom |
| 4:03 | Create | Villager (Male) |
| 4:08 | Create | Villager (Male) |
| 4:08 | Create | Villager (Male) |
| 4:35 | Build | House |
| 5:08 | Create | Villager (Male) |
| 5:31 | Build | Palisade Wall |
| 5:34 | Create | Villager (Male) |
| 5:34 | Create | Villager (Male) |
| 5:46 | Build | Mill |
| 6:09 | Create | Villager (Male) |
| 6:22 | Create | Villager (Male) |
| 6:47 | Create | Villager (Male) |
| 7:43 | Create | Villager (Male) |
| 7:50 | Create | Villager (Male) |
| 7:51 | Create | Villager (Male) |
| 8:16 | Create | Villager (Male) |
| 8:17 | Create | Villager (Male) |
| 8:41 | Create | Villager (Male) |
| 8:57 | Build | Palisade Wall |
| 9:33 | Build | Farm |
| 10:00 | Research | Feudal Age |
| 10:34 | Build | Palisade Wall |
| 10:56 | Build | Farm |
| 10:58 | Build | Farm |
| 10:59 | Build | Farm |
| 12:10 | Age | Feudal Age |
| 12:15 | Create | Villager (Male) |
| 12:18 | Research | Wheelbarrow |
| 12:34 | Build | Farm |
| 12:35 | Build | Farm |
| 12:36 | Build | Farm |
| 12:38 | Build | Farm |
| 12:47 | Build | Mill |
| 13:09 | Build | Mining Camp |
| 13:22 | Research | Horse Collar |
| 13:27 | Research | Double-Bit Axe |
| 13:39 | Build | House |
| 13:40 | Build | House |
| 13:43 | Create | Villager (Male) |
| 13:44 | Create | Villager (Male) |
| 13:44 | Create | Villager (Male) |
| 14:31 | Build | Lumber Camp |
| 15:11 | Build | Blacksmith |
| 15:25 | Create | Villager (Male) |
| 15:26 | Create | Villager (Male) |
| 15:26 | Create | Villager (Male) |
| 15:33 | Research | Gold Mining |
| 16:08 | Build | Market |
| 16:41 | Build | Barracks |
| 17:11 | Research | Castle Age |
| 17:15 | Build | House |
| 17:17 | Build | House |
| 17:18 | Build | House |
| 17:31 | Research | Stone Mining |
| 18:32 | Build | Archery Range |
| 19:43 | Build | Archery Range |
| 19:51 | Age | Castle Age |
| 20:00 | Build | Town Center |
| 20:03 | Research | Bow Saw |
| 20:06 | Research | Hand Cart |
| 21:17 | Build | Town Center |
| 21:21 | Create | Villager (Male) ×5 |
| 21:22 | Create | Villager (Male) ×5 |
| 21:22 | Create | Villager (Male) ×5 |
| 21:30 | Build | Farm |
| 21:43 | Create | Villager (Male) |
| 21:43 | Create | Villager (Male) |
| 21:43 | Create | Villager (Male) |
| 21:43 | Create | Villager (Male) |
| 22:11 | Build | Mining Camp |
| 22:23 | Build | Farm |
| 22:24 | Build | Farm |
| 22:25 | Build | Farm |
| 23:00 | Create | Cavalry Archer ×5 |
| 23:01 | Create | Cavalry Archer ×2 |
| 23:20 | Build | Mining Camp |
| 23:26 | Build | Farm |
| 23:37 | Build | Farm |
| 23:51 | Build | Farm |
| 24:09 | Create | Spearman |
| 24:09 | Create | Spearman |
| 24:09 | Create | Spearman |
Build order — EhuTR
First 150 of 160 actions detected
| 0:01 | Create | Villager (Male) |
| 0:05 | Build | House |
| 0:11 | Build | House |
| 0:24 | Create | Villager (Male) |
| 0:24 | Create | Villager (Male) |
| 0:25 | Create | Villager (Male) |
| 1:26 | Create | Villager (Male) |
| 1:27 | Create | Villager (Male) |
| 2:15 | Create | Villager (Male) |
| 2:34 | Create | Villager (Male) |
| 3:21 | Create | Villager (Male) |
| 3:22 | Create | Villager (Male) |
| 3:22 | Create | Villager (Male) |
| 3:22 | Create | Villager (Male) |
| 3:45 | Build | House |
| 3:59 | Create | Villager (Male) |
| 4:05 | Build | Lumber Camp |
| 4:43 | Build | House |
| 4:58 | Research | Loom |
| 5:02 | Create | Villager (Male) |
| 5:05 | Create | Villager (Male) |
| 5:17 | Build | Mill |
| 5:31 | Create | Villager (Male) |
| 6:33 | Create | Villager (Male) |
| 7:05 | Create | Villager (Male) |
| 7:29 | Create | Villager (Male) |
| 7:31 | Create | Villager (Male) |
| 8:29 | Build | House |
| 8:40 | Research | Feudal Age |
| 8:51 | Create | Villager (Male) |
| 8:52 | Create | Villager (Male) |
| 9:17 | Build | Lumber Camp |
| 9:39 | Build | Barracks |
| 10:21 | Build | Mining Camp |
| 10:35 | Build | Farm |
| 10:38 | Build | Farm |
| 10:40 | Build | Farm |
| 10:46 | Build | House |
| 10:50 | Age | Feudal Age |
| 11:21 | Build | Farm |
| 11:24 | Build | Farm |
| 11:28 | Create | Villager (Male) |
| 12:05 | Create | Villager (Male) |
| 12:05 | Create | Villager (Male) |
| 12:51 | Build | Archery Range |
| 12:57 | Create | Villager (Male) |
| 12:58 | Create | Villager (Male) |
| 12:58 | Create | Villager (Male) |
| 13:08 | Build | Farm |
| 13:30 | Research | Double-Bit Axe |
| 13:32 | Research | Horse Collar |
| 13:46 | Create | Villager (Male) |
| 13:57 | Build | House |
| 14:00 | Create | Villager (Male) |
| 14:16 | Create | Archer |
| 14:16 | Create | Archer |
| 14:17 | Create | Archer |
| 14:17 | Create | Archer |
| 14:18 | Create | Archer |
| 14:19 | Create | Archer |
| 14:34 | Create | Villager (Male) |
| 14:47 | Build | House |
| 15:00 | Build | Archery Range |
| 15:10 | Create | Villager (Male) |
| 15:16 | Build | Farm |
| 15:37 | Create | Villager (Male) |
| 16:25 | Build | Blacksmith |
| 16:27 | Create | Archer |
| 16:27 | Create | Archer |
| 16:35 | Create | Villager (Male) |
| 16:36 | Create | Villager (Male) |
| 16:36 | Create | Villager (Male) |
| 17:22 | Create | Villager (Male) |
| 17:31 | Build | House |
| 19:03 | Build | Farm |
| 19:04 | Build | Farm |
| 19:05 | Build | Farm |
| 19:07 | Build | Farm |
| 19:08 | Build | Farm |
| 19:11 | Research | Castle Age |
| 19:24 | Research | Fletching |
| 19:28 | Build | House |
| 19:34 | Create | Villager (Male) |
| 21:19 | Build | House |
| 21:22 | Create | Archer |
| 21:22 | Create | Archer |
| 21:22 | Create | Archer |
| 21:22 | Create | Archer |
| 21:25 | Create | Villager (Male) |
| 21:26 | Create | Villager (Male) |
| 21:26 | Create | Villager (Male) |
| 21:33 | Build | Mining Camp |
| 21:39 | Create | Villager (Male) |
| 21:40 | Create | Villager (Male) |
| 21:51 | Age | Castle Age |
| 22:26 | Build | House |
| 22:28 | Research | Elite Skirmisher (upgrade) |
| 22:33 | Create | Villager (Male) |
| 22:33 | Create | Villager (Male) |
| 22:37 | Build | Town Center |
| 22:45 | Build | Town Center |
| 23:39 | Build | Monastery |
| 23:43 | Create | Villager (Male) |
| 23:48 | Build | Farm |
| 23:56 | Research | Padded Archer Armor |
| 23:56 | Research | Bodkin Arrow |
| 24:32 | Research | Crossbowman (upgrade) |
| 24:39 | Build | House |
| 24:50 | Create | Villager (Male) |
| 24:52 | Create | Villager (Male) |
| 24:52 | Create | Villager (Male) |
| 24:53 | Create | Villager (Male) |
| 24:56 | Create | Villager (Male) |
| 24:57 | Create | Villager (Male) |
| 25:03 | Build | Farm |
| 25:05 | Build | Farm |
| 25:32 | Build | Farm |
| 25:34 | Build | Farm |
| 25:50 | Build | House |
| 25:51 | Build | House |
| 25:52 | Build | House |
| 25:56 | Research | Wheelbarrow |
| 25:59 | Create | Villager (Male) |
| 25:59 | Create | Villager (Male) |
| 26:08 | Build | Farm |
| 26:08 | Build | Farm |
| 26:10 | Build | Farm |
| 26:27 | Create | Villager (Male) |
| 26:27 | Create | Villager (Male) |
| 27:03 | Research | Leather Archer Armor |
| 27:22 | Research | Forging |
| 27:32 | Build | Farm |
| 27:35 | Build | Farm |
| 27:37 | Build | Farm |
| 27:43 | Build | Farm |
| 27:45 | Build | Farm |
| 28:27 | Build | House |
| 28:27 | Build | House |
| 28:27 | Build | House |
| 28:28 | Build | House |
| 28:30 | Create | Villager (Male) |
| 28:31 | Create | Villager (Male) |
| 28:34 | Create | Villager (Male) |
| 28:34 | Create | Villager (Male) |
| 28:35 | Create | Villager (Male) |
| 28:42 | Build | Farm |
| 28:45 | Build | Farm |
| 28:47 | Build | Farm |
| 28:50 | Build | Farm |
| 29:25 | Research | Thumb Ring |
Build order — SkilzDatKilz845
49 actions detected in the replay
| 0:03 | Create | Villager (Male) |
| 0:06 | Build | House |
| 0:09 | Build | House |
| 0:16 | Build | House |
| 0:18 | Research | Loom |
| 0:19 | Create | Villager (Male) ×3 |
| 1:53 | Create | Villager (Male) |
| 2:38 | Create | Villager (Male) |
| 2:39 | Create | Villager (Male) |
| 3:09 | Create | Villager (Male) |
| 3:21 | Create | Villager (Male) |
| 3:55 | Create | Villager (Male) |
| 3:55 | Create | Villager (Male) |
| 4:45 | Create | Villager (Male) |
| 4:46 | Create | Villager (Male) |
| 5:25 | Build | Mill |
| 5:52 | Create | Villager (Male) |
| 5:52 | Create | Villager (Male) |
| 5:52 | Create | Villager (Male) |
| 6:01 | Build | Lumber Camp |
| 7:06 | Create | Villager (Male) |
| 8:46 | Build | Mill |
| 10:20 | Research | Feudal Age |
| 11:01 | Create | Villager (Male) |
| 11:02 | Create | Villager (Male) |
| 11:02 | Create | Villager (Male) |
| 11:02 | Create | Villager (Male) |
| 12:53 | Build | Barracks |
| 13:33 | Build | Archery Range |
| 13:56 | Create | Spearman ×5 |
| 14:04 | Build | House |
| 14:39 | Create | Spearman ×5 |
| 14:47 | Build | House |
| 16:35 | Create | Spearman ×5 |
| 17:16 | Create | Skirmisher ×2 |
| 17:52 | Create | Skirmisher ×4 |
| 18:51 | Build | House |
| 18:53 | Build | House |
| 18:54 | Build | House |
| 18:55 | Build | House |
| 18:56 | Build | House |
| 18:59 | Build | House |
| 19:40 | Create | Villager (Male) ×5 |
| 20:34 | Create | Villager (Male) |
| 20:47 | Create | Skirmisher ×5 |
| 21:03 | Build | Farm |
| 21:03 | Build | Farm |
| 21:28 | Create | Spearman ×2 |
| 21:49 | Create | Villager (Male) |
Build order — WatSollDennDat
First 150 of 279 actions detected
| 0:03 | Create | Villager (Male) |
| 0:03 | Create | Villager (Male) |
| 0:03 | Create | Villager (Male) |
| 0:04 | Create | Villager (Male) |
| 0:04 | Create | Villager (Male) |
| 0:07 | Build | House |
| 0:09 | Build | House |
| 1:35 | Create | Villager (Male) |
| 2:08 | Create | Villager (Male) |
| 2:28 | Create | Villager (Male) |
| 2:48 | Create | Villager (Male) |
| 2:48 | Create | Villager (Male) |
| 3:05 | Build | Mill |
| 3:13 | Create | Villager (Male) |
| 3:13 | Create | Villager (Male) |
| 3:29 | Build | House |
| 3:38 | Create | Villager (Male) |
| 3:58 | Create | Villager (Male) |
| 3:59 | Create | Villager (Male) |
| 4:28 | Create | Villager (Male) |
| 4:28 | Create | Villager (Male) |
| 4:50 | Build | Lumber Camp |
| 4:54 | Create | Villager (Male) |
| 4:55 | Create | Villager (Male) |
| 5:05 | Create | Villager (Male) |
| 5:14 | Build | House |
| 5:20 | Create | Villager (Male) |
| 5:21 | Create | Villager (Male) |
| 5:35 | Create | Villager (Male) |
| 5:42 | Create | Villager (Male) |
| 6:11 | Create | Villager (Male) |
| 6:32 | Create | Villager (Male) |
| 6:51 | Build | Lumber Camp |
| 7:26 | Create | Villager (Male) |
| 7:26 | Create | Villager (Male) |
| 7:27 | Create | Villager (Male) |
| 7:34 | Create | Villager (Male) |
| 8:06 | Build | House |
| 8:40 | Create | Villager (Male) |
| 8:41 | Create | Villager (Male) |
| 9:15 | Build | Mill |
| 9:32 | Build | House |
| 10:04 | Create | Villager (Male) |
| 10:26 | Create | Villager (Male) |
| 10:33 | Research | Feudal Age |
| 10:47 | Build | Mining Camp |
| 10:54 | Build | Barracks |
| 11:13 | Build | House |
| 11:31 | Build | Farm |
| 11:32 | Build | Farm |
| 12:06 | Build | House |
| 12:08 | Build | House |
| 12:26 | Build | House |
| 12:28 | Build | House |
| 12:31 | Build | House |
| 13:09 | Build | Blacksmith |
| 13:20 | Build | Stable |
| 14:02 | Research | Castle Age |
| 14:10 | Build | House |
| 14:43 | Research | Loom |
| 14:55 | Build | Mining Camp |
| 14:58 | Research | Double-Bit Axe |
| 15:45 | Build | Market |
| 17:03 | Build | Town Center |
| 17:54 | Build | Town Center |
| 17:58 | Create | Villager (Male) |
| 18:32 | Build | Farm |
| 18:32 | Build | Farm |
| 18:32 | Build | Farm |
| 18:32 | Build | Farm |
| 18:32 | Build | Farm |
| 18:33 | Build | Farm |
| 18:33 | Build | Farm |
| 18:33 | Build | Farm |
| 18:33 | Create | Villager (Male) |
| 18:33 | Create | Villager (Male) |
| 18:35 | Create | Villager (Male) |
| 18:35 | Create | Villager (Male) |
| 18:41 | Research | Bow Saw |
| 18:44 | Build | Farm |
| 18:44 | Build | Farm |
| 18:44 | Build | Farm |
| 18:44 | Build | Farm |
| 18:44 | Build | Farm |
| 18:44 | Build | Farm |
| 18:48 | Build | Mining Camp |
| 18:58 | Build | Farm |
| 18:58 | Build | Farm |
| 18:58 | Build | Farm |
| 18:58 | Build | Farm |
| 18:58 | Build | Farm |
| 19:05 | Build | Farm |
| 19:05 | Build | Farm |
| 19:05 | Build | Farm |
| 19:05 | Build | Farm |
| 19:05 | Build | Farm |
| 19:05 | Build | Farm |
| 19:26 | Build | Stone Wall |
| 19:30 | Build | Farm |
| 19:30 | Build | Farm |
| 19:31 | Build | Farm |
| 19:31 | Build | Farm |
| 19:31 | Build | Farm |
| 19:31 | Build | Farm |
| 19:49 | Create | Villager (Male) |
| 19:49 | Create | Villager (Male) |
| 20:14 | Build | Farm |
| 20:14 | Build | Farm |
| 20:14 | Build | Farm |
| 20:14 | Build | Farm |
| 20:14 | Build | Farm |
| 20:14 | Build | Farm |
| 20:14 | Build | Farm |
| 20:22 | Build | Farm |
| 20:22 | Build | Farm |
| 20:22 | Build | Farm |
| 20:22 | Build | Farm |
| 20:22 | Build | Farm |
| 20:26 | Create | Villager (Male) |
| 20:26 | Create | Villager (Male) |
| 20:43 | Create | Villager (Male) |
| 20:43 | Create | Villager (Male) |
| 20:51 | Build | Farm |
| 20:51 | Build | Farm |
| 20:51 | Build | Farm |
| 20:51 | Build | Farm |
| 20:51 | Build | Farm |
| 20:59 | Build | Farm |
| 20:59 | Build | Farm |
| 20:59 | Build | Farm |
| 20:59 | Build | Farm |
| 20:59 | Build | Farm |
| 20:59 | Build | Farm |
| 21:00 | Create | Villager (Male) |
| 21:00 | Create | Villager (Male) |
| 21:16 | Build | Farm |
| 21:16 | Build | Farm |
| 21:16 | Build | Farm |
| 21:16 | Build | Farm |
| 21:31 | Build | Mining Camp |
| 21:34 | Build | Mining Camp |
| 21:36 | Create | Villager (Male) |
| 21:36 | Create | Villager (Male) |
| 21:36 | Create | Villager (Male) |
| 21:43 | Create | Villager (Male) |
| 21:57 | Create | Knight |
| 22:06 | Build | Farm |
| 22:06 | Build | Farm |
| 22:06 | Build | Farm |
| 22:06 | Build | Farm |
Build order — Itacate
First 150 of 175 actions detected
| 0:02 | Research | Loom |
| 0:03 | Create | Villager (Male) |
| 0:03 | Create | Villager (Male) |
| 0:03 | Create | Villager (Male) |
| 0:03 | Create | Villager (Male) |
| 0:03 | Create | Villager (Male) |
| 0:05 | Build | House |
| 0:08 | Build | House |
| 0:15 | Build | House |
| 1:02 | Build | Lumber Camp |
| 1:54 | Create | Villager (Male) |
| 2:46 | Build | House |
| 3:24 | Create | Villager (Male) |
| 3:25 | Create | Villager (Male) |
| 3:25 | Create | Villager (Male) |
| 3:25 | Create | Villager (Male) |
| 3:25 | Create | Villager (Male) |
| 3:48 | Build | Mill |
| 4:22 | Create | Villager (Male) |
| 4:22 | Create | Villager (Male) |
| 4:23 | Create | Villager (Male) |
| 4:23 | Create | Villager (Male) |
| 5:03 | Create | Villager (Male) |
| 5:43 | Create | Villager (Male) |
| 6:30 | Create | Villager (Male) |
| 6:30 | Create | Villager (Male) |
| 6:33 | Create | Villager (Male) |
| 6:33 | Create | Villager (Male) |
| 7:31 | Create | Villager (Male) |
| 8:14 | Create | Villager (Male) |
| 8:43 | Research | Feudal Age |
| 8:43 | Research | Feudal Age |
| 8:53 | Build | Barracks |
| 8:56 | Build | House |
| 8:57 | Build | House |
| 9:04 | Build | House |
| 9:07 | Build | House |
| 9:37 | Build | Mill |
| 11:08 | Create | Villager (Male) |
| 11:08 | Create | Villager (Male) |
| 11:08 | Create | Villager (Male) |
| 11:09 | Create | Villager (Male) |
| 11:09 | Create | Villager (Male) |
| 11:09 | Create | Villager (Male) |
| 11:09 | Create | Villager (Male) |
| 11:09 | Create | Villager (Male) |
| 11:33 | Build | Stable |
| 11:39 | Build | Farm |
| 11:40 | Build | Farm |
| 11:40 | Build | Farm |
| 11:40 | Build | Farm |
| 11:40 | Build | Farm |
| 11:42 | Build | Farm |
| 12:05 | Research | Double-Bit Axe |
| 12:29 | Build | Farm |
| 13:26 | Create | Villager (Male) |
| 13:43 | Build | Farm |
| 13:59 | Build | House |
| 14:16 | Create | Villager (Male) |
| 14:16 | Create | Villager (Male) |
| 14:16 | Create | Villager (Male) |
| 14:24 | Research | Horse Collar |
| 14:41 | Build | House |
| 14:56 | Build | Mining Camp |
| 15:16 | Build | Farm |
| 15:20 | Research | Town Watch |
| 16:04 | Build | Farm |
| 16:06 | Build | Farm |
| 16:09 | Create | Villager (Male) |
| 16:09 | Create | Villager (Male) |
| 16:15 | Build | House |
| 16:27 | Build | Blacksmith |
| 16:36 | Create | Villager (Male) |
| 17:19 | Build | Farm |
| 17:20 | Build | Farm |
| 17:21 | Build | Farm |
| 17:23 | Build | Farm |
| 17:25 | Build | Farm |
| 17:28 | Research | Castle Age |
| 17:39 | Build | House |
| 17:42 | Build | House |
| 17:44 | Build | House |
| 17:45 | Build | House |
| 17:57 | Build | Lumber Camp |
| 18:35 | Build | Mill |
| 18:37 | Build | Farm |
| 18:38 | Build | Farm |
| 19:34 | Build | Market |
| 19:41 | Build | Farm |
| 19:41 | Build | Farm |
| 19:41 | Build | Farm |
| 19:41 | Build | Farm |
| 19:42 | Build | Farm |
| 20:11 | Build | Mining Camp |
| 20:13 | Create | Villager (Male) |
| 20:13 | Create | Villager (Male) |
| 20:13 | Create | Villager (Male) |
| 20:18 | Research | Wheelbarrow |
| 20:18 | Create | Villager (Male) |
| 20:19 | Create | Villager (Male) |
| 20:19 | Create | Villager (Male) |
| 20:19 | Create | Villager (Male) |
| 20:19 | Create | Villager (Male) |
| 20:30 | Build | Archery Range |
| 20:59 | Create | Trade Cart |
| 20:59 | Create | Trade Cart |
| 20:59 | Create | Trade Cart |
| 21:17 | Research | Bow Saw |
| 21:24 | Build | Mill |
| 21:38 | Create | Villager (Male) |
| 21:38 | Create | Villager (Male) |
| 21:50 | Research | Gold Mining |
| 21:50 | Research | Stone Mining |
| 22:06 | Create | Knight |
| 22:06 | Create | Knight |
| 22:06 | Create | Knight |
| 22:27 | Build | Farm |
| 22:27 | Build | Farm |
| 23:00 | Build | Farm |
| 23:00 | Build | Farm |
| 23:01 | Build | Farm |
| 23:19 | Create | Cavalry Archer ×5 |
| 23:20 | Create | Cavalry Archer ×5 |
| 23:20 | Create | Cavalry Archer ×5 |
| 23:20 | Create | Cavalry Archer ×2 |
| 23:26 | Research | Husbandry |
| 23:56 | Build | Town Center |
| 24:06 | Build | Monastery |
| 24:51 | Create | Monk |
| 24:51 | Create | Monk |
| 24:51 | Create | Monk |
| 24:57 | Research | Stone Mining |
| 24:58 | Research | Gold Shaft Mining |
| 25:03 | Build | Farm |
| 25:04 | Build | Farm |
| 25:04 | Build | Farm |
| 25:04 | Build | Farm |
| 25:04 | Build | Farm |
| 25:04 | Build | Farm |
| 25:05 | Build | Farm |
| 25:05 | Build | Farm |
| 25:05 | Build | Farm |
| 25:13 | Build | Farm |
| 25:21 | Create | Monk |
| 26:08 | Create | Villager (Male) |
| 26:09 | Create | Villager (Male) |
| 27:13 | Research | Hand Cart |
| 27:19 | Build | Town Center |
| 27:25 | Research | Heavy Plow |
| 27:54 | Create | Spearman |
Match timeline
| 5:31 | Drogo · wall_segment Palisade Wall x17 |
| 8:24 | WdaScorpion · first_building Barracks |
| 8:53 | Itacate · first_building Barracks |
| 8:57 | Drogo · wall_segment Palisade Wall x5 |
| 9:07 | WdaScorpion · age_up feudal |
| 9:12 | WdaScorpion · first_building Stable |
| 9:39 | EhuTR · first_building Barracks |
| 10:34 | Drogo · wall_segment Palisade Wall x18 |
| 10:50 | EhuTR · age_up feudal |
| 10:54 | WatSollDennDat · first_building Barracks |
| 11:33 | Itacate · first_building Stable |
| 11:47 | Jaereg · first_building Barracks |
| 12:10 | Drogo · age_up feudal |
| 12:51 | EhuTR · first_building Archery Range |
| 12:53 | SkilzDatKilz845 · first_building Barracks |
| 13:07 | WdaScorpion · first_building Archery Range |
| 13:20 | WatSollDennDat · first_building Stable |
| 13:33 | SkilzDatKilz845 · first_building Archery Range |
| 14:31 | Tako · age_up feudal |
| 16:41 | Drogo · first_building Barracks |
| 17:24 | Jaereg · wall_segment Stone Wall x6 |
| 18:29 | Jaereg · first_building Stable |
| 18:32 | Drogo · first_building Archery Range |
| 19:09 | WdaScorpion · age_up castle |
| 19:23 | Tako · age_up castle |
| 19:26 | WatSollDennDat · wall_segment Stone Wall x11 |
| 19:51 | Drogo · age_up castle |
| 19:58 | Tako · first_building Castle |
| 20:30 | Itacate · first_building Archery Range |
| 21:51 | EhuTR · age_up castle |
| 22:13 | SkilzDatKilz845 · resign |
| 22:42 | WatSollDennDat · first_market_buy 100 food |
| 23:39 | EhuTR · first_building Monastery |
| 24:06 | Itacate · first_building Monastery |
| 24:17 | WdaScorpion · first_building Siege Workshop |
| 27:01 | WatSollDennDat · first_building Castle |
| 28:32 | Itacate · first_building Castle |
[ AI ANALYSIS · 1 CREDIT ]
What really happened in this match?
Wolo.gg analyzes every decision: build order, eco, micro, common mistakes by bracket. Personalized analysis on WhatsApp or Discord in 30 seconds.
Civ guide
Turks
Perfil
Jugador #22946322